 Dungeon Crawl Stone Soup version 0.24.1-8-ga250c9d538 (webtiles) character file.

Game seed: 1539007257628235688, levelgen mode: deterministic

30 Krapule the Shield-Bearer (level 3, 0/29 HPs)
             Began as a Formicid Fighter on May 9, 2020.
             Slain by a gnoll
             ... wielding a +0 halberd
              (9 damage)
             ... on level 1 of the Dungeon.
             The game lasted 00:01:50 (563 turns).

Krapule the Shield-Bearer (Formicid Fighter)         Turns: 563, Time: 00:01:50

Health: 0/29       AC:  6    Str: 21    XL:     3   Next: 35%
Magic:  3/3        EV:  8    Int:  7    God:
Gold:   59         SH:  9    Dex: 10    Spells: 2/2 levels left

rFire    . . .     SeeInvis +   a - +0 quarterstaff
rCold    . . .     Gourm    .   c - +0 shield
rNeg     . . .     Faith    .   b - +0 scale mail
rPois    .         Spirit   .   (helmet unavailable)
rElec    .         Reflect  .   (no cloak)
rCorr    .         Harm     .   (no gloves)
MR       .....                  (no boots)
Stlth    ..........             (no amulet)
HPRegen  0.09/turn              (no ring)
MPRegen  0.08/turn              (no ring)

@: no status effects
A: permanent stasis, dig shafts and tunnels, four strong arms, antennae 3
a: Dig, Shaft Self


You were on level 1 of the Dungeon.
You were not hungry.

You visited 1 branch of the dungeon, and saw 1 of its levels.

You collected 59 gold pieces.

Inventory:

Hand Weapons
 a - a +0 quarterstaff (weapon)
Armour
 b - a +0 scale mail (worn)
 c - a +0 shield (worn)
Scrolls
 h - 3 scrolls of teleportation {unknown}
Potions
 d - a potion of might
 e - 2 potions of flight {unknown}
 g - a potion of invisibility {unknown}
Comestibles
 f - 2 rations


   Skills:
 + Level 3.5 Fighting
 + Level 2.2 Staves
 + Level 3.5 Armour
 + Level 0.7 Dodging
 + Level 1.2 Stealth
 + Level 3.9 Shields


You had 2 spell levels left.
You didn't know any spells.
Your spell library was empty.

Dungeon Overview and Level Annotations

Branches:
Dungeon (1/15)

Altars:


Innate Abilities, Weirdness & Mutations

You cannot be hasted, slowed, berserked, paralysed or teleported.
You can dig through walls and to a lower floor.
Your four strong arms can wield two-handed weapons with a shield.
You have a pair of large antennae on your head. (SInv)


Message History

A giant cockroach is nearby!
Found 19 gold pieces.
A gnoll comes into view. It is wielding a +0 halberd.
The gnoll shouts!
You block the giant cockroach's attack. The giant cockroach barely misses you.
You barely miss the giant cockroach. You block the giant cockroach's attack.
You sock the giant cockroach!
You kill the giant cockroach!
The gnoll hits you from afar with a +0 halberd.
The gnoll hits you with a +0 halberd!
You are too injured to fight recklessly!
You are too injured to fight recklessly!
You barely miss the gnoll. You barely miss the gnoll.
The gnoll barely misses you.
You closely miss the gnoll. The gnoll hits you with a +0 halberd.
* * * LOW HITPOINT WARNING * * *
You sock the gnoll!
The gnoll is almost dead.
The gnoll hits you with a +0 halberd!
You die...

#### ##.....## #...
#.......## #.##
.........# .##
.$.......# ...
.........# ##
#..)......# # ##..###
#.......g.####.. .......
##......@.%..... .....##
#.....$......##. .....##
#.........##..# ....#.
#.........# ...## ##..
#.........#####$.# #...
#............[.# #...
##.............## #...
##.....#.†....##..###...
#######......# #.......


You could see a gnoll.

Vanquished Creatures
  2 dart slugs (D:1)
  A giant cockroach (D:1)
  3 hobgoblins (D:1)
  3 jackals (D:1)
  3 kobolds (D:1)
  A bat (D:1)
  3 frilled lizards (D:1)
  6 goblins (D:1)
  2 rats (D:1)
24 creatures vanquished.

Notes
Turn   | Place    | Note
-------+----------+-------------------------------------------
     0 | D:1      | Krapule the Formicid Fighter began the quest for the Orb.
     0 | D:1      | Reached XP level 1. HP: 18/18 MP: 1/1
   154 | D:1      | Reached XP level 2. HP: 22/24 MP: 2/2
   182 | D:1      | Reached skill level 1 in Stealth
   385 | D:1      | Reached XP level 3. HP: 29/29 MP: 3/3
   563 | D:1      | Slain by a gnoll

Levels and vault maps discovered:
D:1:      minmay_arrival_widening_spiral_narrow, layout_rooms

Skill      XL: |  1  2 |
---------------+-------+-----
Stealth        | 1 |  1.2
Fighting       | |  3.5
Staves         | |  2.2
Armour         | |  3.5
Dodging        | |  0.7
Shields        | |  3.9

Action                   || total
-------------------------++-------
Melee: Quarterstaff      ||    86
Armor: Scale mail        ||    43
Dodge: Dodged            ||    30
Block: Shield            ||    53
